 Dungeon Crawl Stone Soup version 0.27.1-34-g3ba077fa99 (webtiles) character file.

Game seed: 6328367357065948520

202 pkoi the Insei (level 5, -3/46 HPs)
             Began as a Draconian Monk on Jan 15, 2022.
             Slain by an orc (4 damage)
             ... on level 3 of the Dungeon.
             The game lasted 00:03:09 (3087 turns).

pkoi the Insei (Draconian Monk)                     Turns: 3087, Time: 00:03:09

Health: -3/46      AC:  5    Str: 13    XL:     5   Next: 50%
Magic:  5/5        EV: 13    Int: 12    God:
Gold:   82         SH:  0    Dex: 13    Spells: 4/4 levels left

rFire    . . .     SeeInvis .   b - +0 dagger (venom)
rCold    . . .     Faith    .   (no shield)
rNeg     . . .     Spirit   .   (armour unavailable)
rPois    .         Reflect  .   (helmet restricted)
rElec    .         Harm     .   (no cloak)
rCorr    .         Rampage  .   (no gloves)
Will     .....                  (no boots)
Stlth    ++........             (no amulet)
HPRegen  0.15/turn              (no ring)
MPRegen  0.09/turn              (no ring)

@: no status effects
A: AC +5, unfitting armour, cold-blooded
a: no special abilities


You were on level 3 of the Dungeon.
You visited 1 branch of the dungeon, and saw 6 of its levels.

You collected 82 gold pieces.

Inventory:

Hand Weapons
 b - a +0 dagger of venom (weapon)
 c - a +0 dagger
Wands
 j - a wand of flame (23)
Scrolls
 d - a scroll of identify {unknown}
 g - 2 scrolls of blinking {unknown}
 h - a scroll of noise {unknown}
 i - a scroll of teleportation {unknown}
Potions
 a - a potion of might {unknown}
 e - a potion of haste {unknown}
 f - a potion of heal wounds {unknown}


   Skills:
 + Level 4.0 Fighting
 + Level 3.3 Dodging
 - Level 1.7 Stealth
 + Level 5.4 Unarmed Combat


You had 4 spell levels left.
You didn't know any spells.
Your spell library was empty.

Dungeon Overview and Level Annotations

Branches:
Dungeon (6/15)
 Temple: D:4-7

Altars:


Innate Abilities, Weirdness & Mutations

Your plain brown scales are hard. (AC +5)
You cannot fit into any form of body armour.
You are cold-blooded and may be slowed by cold attacks.


Message History

The orc priest closely misses you. The orc closely misses you.
You hit the orc priest.
The orc priest looks as sick as possible!
The orc priest is severely wounded.
The orc priest hits you with a +0 hand axe.
The orc closely misses you.
Unknown command.
You hit the orc priest.
The orc priest looks as sick as possible!
Your punch misses the orc priest.
The orc priest is severely wounded.
The orc priest barely misses you. The orc hits you but does no damage.
The orc misses you.
Unknown command.
You hit the orc priest.
The orc priest looks as sick as possible!
The orc priest is almost dead.
The orc priest mumbles some strange prayers to Beogh against you.
You barely resist. The orc hits you but does no damage.
The orc hits you with a +1 flail of distortion!
Space warps horribly around you!!
* * * LOW HITPOINT WARNING * * *
You hit the orc priest but do no damage.
The orc priest looks as sick as possible!
The orc priest is almost dead.
You kill the orc priest!
The orc closely misses you.
An orc comes into view. It is wielding a +0 flail.
The orc barely misses you.
Your Fighting skill increases to level 4!
You hit the orc but do no damage. The orc misses you.
The orc hits you but does no damage.
The orc hits you with a +1 flail of distortion.
* * * LOW HITPOINT WARNING * * *
Space bends around you.
* * * LOW HITPOINT WARNING * * *
Unknown command.
You barely miss the orc. The orc misses you. x2
The orc hits you with a +1 flail of distortion.
You die...

#............#
#....#.##...##
#.##.#.##..##
.. #.#.##.## .
#.#.##.#
...####.#.##.#
...o......##.##
...####oo.o....
#@####.## #o# #
#.# ..# ###


You could see 4 orcs.

Vanquished Creatures
  A kobold brigand (D:6)
  An orc priest (D:3)
  2 adders (D:2)
  2 worms
  3 dart slugs
  2 bats
  6 endoplasms
  4 giant cockroaches
  3 goblins
  9 hobgoblins
  8 jackals (D:1)
  11 kobolds
  A quokka (D:1)
  3 ball pythons
  4 frilled lizards (D:1)
  4 rats
64 creatures vanquished.

Vanquished Creatures (others)
  19 fungi (D:6)
19 creatures vanquished.

Grand Total: 83 creatures vanquished

Notes
Turn   | Place    | Note
-------+----------+-------------------------------------------
     0 | D:1      | pkoi the Draconian Monk began the quest for the Orb.
     0 | D:1      | Reached XP level 1. HP: 19/19 MP: 1/1
   202 | D:1      | Reached XP level 2. HP: 20/26 MP: 2/2
   442 | D:1      | Reached skill level 4 in Unarmed Combat
   837 | D:1      | Reached XP level 3. HP: 26/31 MP: 3/3
  1148 | D:1      | Found a faded altar of an unknown god.
  1617 | D:2      | Reached XP level 4. HP: 36/38 MP: 4/4
  1775 | D:2      | Reached skill level 5 in Unarmed Combat
  2391 | D:3      | You fall into a shaft and drop 3 floors!
  2391 | D:6      | Noticed a kobold brigand
  2409 | D:6      | Killed a kobold brigand
  2410 | D:6      | Reached XP level 5. HP: 21/46 MP: 5/5
  2781 | D:5      | Entered Level 5 of the Dungeon
  3086 | D:3      | HP: 1/46 [orc (2)]
  3087 | D:3      | Slain by an orc

Illustrated notes

Levels and vault maps discovered:
D:1:      dpeg_arrival_signposts, layout_basic,
          dreamdust_ecumenical_altar_statues
D:2:      minmay_angry_zag, layout_basic, item_on_display_a
D:3:      layout_loops_ring, mainiacjoe_overflow_24_doors, uniq_grinder
D:4:      layout_gridville, minmay_temple_entry_butterflies
D:5:      layout_basic, hangedman_decor_diamond_cutter
D:6:      layout_loops_ring, mainiacjoe_overflow_brackets,
          chequers_temple_overflow_statue_of_worship, serial_shops,
          nicolae_take_the_stairs, serial_aquarium, aquarium_bridge_square
          [aquarium_subvault_window, aquarium_subvault_wall,
          aquarium_subvault_bridge, aquarium_subvault_balcony],
          aquarium_bridge_square [aquarium_subvault_window,
          aquarium_subvault_bridge, aquarium_subvault_wall,
          aquarium_subvault_bridge], aquarium_window_corridor_3,
          aquarium_window_2, aquarium_window_1, aquarium_window_1,
          aquarium_view_2b, aquarium_view_2e, aquarium_balcony_3b,
          uniq_crazy_yiuf_cottage, uniq_pikel, uniq_duvessa

Skill      XL: |  1  2  3  4  5 |
---------------+----------------+-----
Unarmed Combat | 4 5 |  5.4
Dodging        | 3 |  3.3
Fighting       | 4 |  4.0
Stealth        | |  1.7

Action                   |  1- 3 |  4- 6 || total
-------------------------+-------+-------++-------
Melee: Unarmed           |    62 |     5 ||    67
       Tailslap          |    13 |    10 ||    23
       Dagger            |    66 |    76 ||   142
       Punch             |     1 |     4 ||     5
 Stab: Sleeping          |     3 |     4 ||     7
Armor: Skin              |    44 |    27 ||    71
Dodge: Dodged            |    76 |    33 ||   109
